 Dungeon Crawl Stone Soup version 0.20.0-8-g6b59dc7 (webtiles) character file.

1186 Kosschaser the Covert (level 8, -10/39 HPs)
             Began as a Vine Stalker Enchanter on May 29, 2017.
             Killed by divine providence
             ... invoked by an orc priest
              (15 damage)
             ... on level 6 of the Dungeon.
             The game lasted 00:27:02 (4882 turns).

Kosschaser the Covert (Vine Stalker Enchanter)      Turns: 4882, Time: 00:27:02

Health: -10/39     AC:  4    Str: 11    XL:     8   Next: 42%
Magic:  0/7        EV: 14    Int: 15    God:
Gold:   262        SH:  0    Dex: 17    Spells: 4/13 levels left

rFire    . . .     SeeInvis .   w - +8 short sword "Kuepuhuorph" {antimagic, rN+ MR++}
rCold    . . .     Gourm    .   (no shield)
rNeg     + . .     Faith    +   b - +0 robe
rPois    +         Spirit   +   (no helmet)
rElec    .         Reflect  .   C - +0 cloak
rCorr    .         Harm     .   x - +0 pair of gloves
MR       ++++.                  (no boots)
Stlth    +++++.....             g - amulet of faith
Regen    0.6/turn               e - +3 ring of slaying
MPRegen  0.1/turn               I - ring "Idghiczao" {*Slow rPois MR+ MP+9 Stlth+}

@: no status effects
A: fangs 3, regeneration 1, magic shield, antimagic bite, no potion heal 3, rot
immunity
a: no special abilities


You were on level 6 of the Dungeon.
You were hungry.

You visited 1 branch of the dungeon, and saw 6 of its levels.

You collected 262 gold pieces.

Inventory:

Hand Weapons
 f - a +0 short sword
 s - a +2 dagger of venom
 w - the +8 short sword "Kuepuhuorph" (weapon) {antimagic, rN+ MR++}
   (You found it on level 4 of the Dungeon)

   It reduces the magical energy of the wielder, and disrupts the spells and
   magical abilities of those hit.
   Natural abilities and divine invocations are not affected.
   It protects you from negative energy.
   It affects your resistance to hostile enchantments.
Armour
 b - a +0 robe (worn)
 x - a +0 pair of gloves (worn)
 C - a +0 cloak (worn)
Jewellery
 e - a +3 ring of slaying (left hand)
 g - an amulet of faith (around neck)
 i - an uncursed ring of wizardry
 I - the ring "Idghiczao" (right hand) {*Slow rPois MR+ MP+9 Stlth+}
   (You found it on level 5 of the Dungeon)

   [ring of protection from magic]

   It protects you from poison.
   It affects your resistance to hostile enchantments.
   It affects your magic capacity (+9).
   It may slow you when you take damage.
   It makes you more stealthy.
Wands
 k - a wand of polymorph (16/24)
 F - a wand of lightning (9/15)
 H - a wand of iceblast (8/15)
Scrolls
 a - a scroll of fear {unknown}
 l - a scroll of magic mapping
 n - 2 scrolls of amnesia
 o - a scroll of random uselessness
 p - a scroll of enchant armour {unknown}
 r - a scroll of blinking {unknown}
 u - 2 scrolls of noise {unknown}
 v - a scroll of enchant weapon
 y - 4 scrolls of remove curse
 D - a scroll of teleportation {unknown}
 E - a scroll of immolation {unknown}
Potions
 h - a potion of flight {unknown}
 j - 3 potions of curing
 m - 2 potions of haste {unknown}
 q - a potion of degeneration {unknown}
 A - 2 potions of lignification {unknown}
 B - a potion of mutation {unknown}
 G - 2 potions of berserk rage {unknown}
Books
 c - a book of Maledictions

   Spells                             Type                      Level
   a - Corona                         Hexes                        1
   b - Ensorcelled Hibernation        Hexes/Ice                    2
   c - Confuse                        Hexes                        3
   d - Tukima's Dance                 Hexes                        3
   e - Dazzling Spray                 Conjuration/Hexes            3
 t - a book of Misfortune

   Spells                             Type                      Level
   a - Confusing Touch                Hexes                        1
   b - Confuse                        Hexes                        3
   c - Gell's Gravitas                Translocation                3
   d - Petrify                        Transmutation/Earth          4
   e - Metabolic Englaciation         Hexes/Ice                    5
   f - Yara's Violent Unravelling     Hexes/Transmutation          5
Comestibles
 d - 2 bread rations
 z - 4 royal jellies


   Skills:
 + Level 2.0 Fighting
 + Level 3.5 Short Blades
 * Level 3.4 Dodging
 + Level 8.7 Stealth
 + Level 3.2 Spellcasting
 + Level 4.4 Hexes
 + Level 1.6 Ice Magic


You had 4 spell levels left.
You knew the following spells:

 Your Spells              Type           Power        Failure   Level  Hunger
a - Corona                Hex            ###....      3%          1    #......
b - Ensorcelled Hibernat  Hex/Ice        ##....       9%          2    ##.....
c - Confuse               Hex            ###.....     10%         3    ###....
d - Gell's Gravitas       Tloc           #.........   52%         3    ###....


Dungeon Overview and Level Annotations

Branches:
Dungeon (6/15)             Temple (0/1) D:6

Altars:
Cheibriados
Elyvilon
Fedhas
Hepliaklqana
Makhleb
Qazlal
Sif Muna
Yredelemnul
The Shining One


Innate Abilities, Weirdness & Mutations

You have razor-sharp teeth.
Your natural rate of healing is unusually fast.
When hurt, damage is shared between your health and your magic reserves.
Your bite disrupts and absorbs the magic of your enemies.
Potions cannot restore your health.
You are immune to rotting.


Message History

A magic dart appears from out of thin air!
The magic dart hits you!
* * * LOW HITPOINT WARNING * * *
The orc priest misses you.
You hit the orc priest.
The orc priest is heavily wounded.
The orc priest hits you with a short sword.
* * * LOW HITPOINT WARNING * * *
The orc hits you but does no damage.
The orc priest casts a cantrip, but nothing happens.
The leopard gecko barely misses you. The orc closely misses you.
The orc priest calls upon Beogh to heal the orc.
The orc's wounds heal themselves!
The leopard gecko misses you. The leopard gecko barely misses you.
There is a fountain of clear blue water here.
The centaur shoots an arrow.
The arrow hits you.
* * * LOW HITPOINT WARNING * * *
The orc priest mumbles some strange prayers to Beogh against you.
Beogh smites you!
You die...

###.#'#####.# ####
. #...#(#####.# #
...####.#.#()...#.#
#
+.......o.)..#.#.#
# #....#.o.#....#
#.###### #...
#.oc#...## #.....<#
#..###{l.###.##
########
#..............
#...⌠..@..⌠....
#..............
#..###...###.#. #..
#.⌠.# .# #. #...# .
..... .#... ..##...


You could see a centaur, an orc priest, 2 orcs and a leopard gecko.

Vanquished Creatures
  Sigmund (D:3)
  A sky beast (D:5)
  2 ogres
  2 crimson imps (D:5)
  4 orc wizards
  2 bullfrog skeletons (D:4)
  4 orc priests
  3 hounds (D:5)
  A centaur skeleton (D:5)
  3 worker ants (D:5)
  4 gnolls
  4 adders
  A shadow imp (D:5)
  An adder skeleton (D:5)
  5 worms
  2 dart slugs
  6 leopard geckos
  25 orcs
  3 ball pythons
  9 bats
  7 giant cockroaches (D:1)
  9 goblins
  2 hobgoblins
  8 jackals
  6 frilled lizards
  5 kobolds
  7 rats
127 creatures vanquished.

Notes
Turn   | Place    | Note
-------+----------+-------------------------------------------
     0 | D:1      | Kosschaser the Vine Stalker Enchanter began the quest for the Orb.
     0 | D:1      | Reached XP level 1. HP: 9/9 MP: 4/4
   270 | D:1      | Reached XP level 2. HP: 13/13 MP: 6/6
   281 | D:1      | Reached skill level 4 in Stealth
   405 | D:1      | Learned a level 2 spell: Ensorcelled Hibernation
   569 | D:1      | Reached skill level 1 in Short Blades
   569 | D:1      | Reached XP level 3. HP: 16/16 MP: 7/7
  1450 | D:2      | Found a hazy altar of Hepliaklqana.
  1570 | D:2      | Reached skill level 5 in Stealth
  1581 | D:2      | Gained mutation: Your natural rate of healing is unusually fast. [Vine Stalker growth]
  1581 | D:2      | Reached XP level 4. HP: 12/21 MP: 8/8
  2009 | D:3      | Noticed Sigmund
  2168 | D:3      | Killed Sigmund
  2168 | D:3      | Reached skill level 6 in Stealth
  2168 | D:3      | Reached skill level 1 in Ice Magic
  2168 | D:3      | Reached XP level 5. HP: 25/25 MP: 9/9
  2168 | D:3      | Reached XP level 6. HP: 29/29 MP: 10/10
  2246 | D:3      | Found a stormy altar of Qazlal.
  2344 | D:3      | Reached skill level 7 in Stealth
  2804 | D:4      | Got a warped short sword
  2805 | D:4      | Identified the +8 short sword "Kuepuhuorph" {antimagic, rN+ MR++} (You found it on level 4 of the Dungeon)
  3194 | D:4      | Found a snail-covered altar of Cheibriados.
  3234 | D:4      | Reached XP level 7. HP: 32/32 MP: 4/12
  3356 | D:4      | Reached skill level 1 in Fighting
  3524 | D:4      | Learned a level 3 spell: Confuse
  3528 | D:4      | Learned a level 3 spell: Gell's Gravitas
  3962 | D:4      | Found a stormy altar of Qazlal.
  3963 | D:4      | Found a white marble altar of Elyvilon.
  4008 | D:4      | Found a blossoming altar of Fedhas.
  4155 | D:5      | Entered Level 5 of the Dungeon
  4197 | D:5      | Found a basalt altar of Yredelemnul.
  4199 | D:5      | Noticed a profane servitor
  4217 | D:5      | Found a glowing golden altar of the Shining One.
  4219 | D:5      | Noticed an angel
  4260 | D:5      | Reached skill level 8 in Stealth
  4368 | D:4      | Gained mutation: You have razor-sharp teeth. [Vine Stalker growth]
  4368 | D:4      | Reached XP level 8. HP: 11/37 MP: 1/13
  4565 | D:5      | Got a crude steel ring
  4567 | D:5      | Identified the ring "Idghiczao" {*Slow rPois MR+ MP+9 Stlth+} (You found it on level 5 of the Dungeon)
  4594 | D:5      | Found a deep blue altar of Sif Muna.
  4754 | D:5      | Found a burning altar of Makhleb.
  4873 | D:6      | Found a staircase to the Ecumenical Temple.
  4882 | D:6      | Killed from afar by an orc priest

Skill      XL: |  1  2  3  4  5  6  7  8 |
---------------+-------------------------+-----
Stealth        | 4 5 6 7 8 |  8.7
Short Blades   | 1 2 3 |  3.5
Ice Magic      | 1 |  1.6
Dodging        | 2 3 |  3.4
Fighting       | 1 2 |  2.0
Hexes          | 4 |  4.4
Spellcasting   | 3 |  3.2

Action                   |  1- 3 |  4- 6 |  7- 9 || total
-------------------------+-------+-------+-------++-------
Melee: Dagger            |    36 |       |     2 ||    38
       Bite              |    16 |    24 |    23 ||    63
       Short sword       |    59 |   100 |    89 ||   248
 Cast: Ensorcelled Hiber |    15 |    31 |     5 ||    51
       Confuse           |       |       |     3 ||     3
       Gell's Gravitas   |       |       |     2 ||     2
  Use: Scroll            |       |     4 |     1 ||     5
       Potion            |       |       |     1 ||     1
 Stab: Sleeping          |    18 |    24 |    11 ||    53
       Confused          |       |       |     1 ||     1
  Eat: Chunk             |     3 |     7 |     6 ||    16
Armor: Robe              |    16 |    18 |    12 ||    46
Dodge: Dodged            |    47 |    65 |    54 ||   166
